 Dungeon Crawl Stone Soup version 0.16-a0-3939-g9a3e665 (webtiles) character file.

532 abixa the Cleaver (level 7, 0/56 HPs)
             Began as a Minotaur Hunter on Feb 6, 2015.
             Killed from afar by an orc wizard (5 damage)
             ... with a puff of flame
             ... on level 4 of the Dungeon.
             The game lasted 00:09:47 (4303 turns).

abixa the Cleaver (Minotaur Hunter)                 Turns: 4303, Time: 00:09:47

Health: 0/56       AC:  6    Str: 16    XL:     7   Next: 4%
Magic:  3/3        EV: 11    Int:  8    God:
Gold:   72         SH:  0    Dex: 13    Spells: 0 memorised, 6 levels left

rFire  . . .     SeeInvis .     a - +0 war axe
rCold  . . .     Clarity  .     p - +0 ring mail
rNeg   . . .     SustAb   .     (no shield)
rPois  .         Gourm    .     (helmet restricted)
rElec  .         Spirit   .     C - +0 cloak
rCorr  +         Warding  .     (no gloves)
rMut   .         Stasis   .     (no boots)
MR     .....                    E - amulet of resist corrosion
Stlth  +.........               (no ring)
                                (no ring)

@: not resistant to hostile enchantments, very unstealthy
A: retaliatory headbutt, horns 2
a: no special abilities


You were on level 4 of the Dungeon.
You were not hungry.

You visited 1 branch of the dungeon, and saw 4 of its levels.

You collected 72 gold pieces.

Inventory:

Hand weapons
 a - a +0 war axe (weapon)
 b - a +1 hand crossbow
 o - a cursed -1 short sword
 z - a +0 trident
Missiles
 c - 56 bolts
 e - 154 stones (quivered)
 k - 19 arrows
 s - 2 steel javelins
 u - 16 arrows of frost
 y - 5 needles of confusion
 D - 23 poisoned needles
Armour
 d - a +0 leather armour
 p - a +0 ring mail (worn)
 A - a +0 plate armour
 C - a +0 cloak (worn)
Jewellery
 E - an amulet of resist corrosion (around neck)
Scrolls
 g - 4 scrolls of teleportation {unknown}
 j - 6 scrolls of identify {unknown}
 l - 2 scrolls of magic mapping {unknown}
 n - a scroll of enchant armour {unknown}
 x - a scroll of immolation {unknown}
 B - 2 scrolls of noise {unknown}
Potions
 h - a potion of lignification {unknown}
 i - 2 potions of might {unknown}
 m - 2 potions of restore abilities {unknown}
 q - a potion of heal wounds {unknown}
 r - a potion of poison {unknown}
 t - 2 potions of cure mutation {unknown}
 v - a potion of agility {unknown}
 w - a potion of cancellation {unknown}
 G - a potion of magic {unknown}
Books
 I - a book of Envenomations

   Spells                             Type                      Level
   a - Spider Form                    Transmutation/Poison         3
   b - Alistair's Intoxication        Transmutation/Poison         4
   c - Olgreb's Toxic Radiance        Poison                       4
   d - Poisonous Cloud                Conjuration/Poison/Air       6
Comestibles
 f - 2 bread rations
 F - a meat ration
 H - a chunk of flesh


   Skills:
 - Level 2.4 Fighting
 + Level 8.4 Axes
 - Level 4.3 Crossbows
 + Level 2.3 Armour
 - Level 2.1 Dodging
 - Level 0.7 Stealth


You had 6 spell levels left.
You didn't know any spells.

Dungeon Overview and Level Annotations

Branches:
Dungeon (4/15)
 Temple: D:4-7

Altars:
Dithmenos
Elyvilon
Qazlal
Zin


Innate Abilities, Weirdness & Mutations

You reflexively headbutt those who attack you in melee.
You have a pair of horns on your head.


Message History

You hit something. Something hits you but does no damage.
You slash something! Your headbutt misses something.
You hear some strange, mumbled words.
The magic dart hits you! Something hits you but does no damage.
You closely miss something.
The orc priest calls down the wrath of Beogh upon you.
Something smites you!
* * * LOW HITPOINT WARNING * * *
Something hits you but does no damage.
You miss something. Your headbutt misses something.
The orc priest mumbles some strange prayers to Beogh against you.
Something smites you!
* * * LOW HITPOINT WARNING * * *
Something hits you.
* * * LOW HITPOINT WARNING * * *
You barely miss something.
You hear some strange, mumbled words.
A puff of flame appears from out of thin air!
The puff of flame hits you!
You die...

#.#...####...##.#..#.#...##'#.#
#.#.....##...##......#......†)#
#.#.###.#######...............#
#.#.# .# ................#
....# # ##.#+#...###....+
#.#.....# #.#.#..........#
#.#.##### #.......########
#.#.# ##......# #.#.. #@....##
#.#.# ......o{.....# #.###
########....# #.. ......# ###
##...## #..># #.### .# .


You could see an orc priest.

Vanquished Creatures
  2 scorpions
  An orc priest (D:4)
  A centaur skeleton (D:4)
  An orc wizard (D:4)
  5 worker ants
  Ijyb (D:2)
  Robin (D:3)
  5 adders
  2 gnolls
  A giant mite (D:3)
  2 worms
  An ooze (D:3)
  3 orcs
  12 hobgoblins
  6 jackals (D:1)
  2 ball pythons
  10 bats
  2 giant cockroaches
  7 giant geckos
  4 giant newts
  20 goblins
  10 kobolds
  A quokka (D:3)
  14 rats
114 creatures vanquished.

Notes
Turn   | Place    | Note
--------------------------------------------------------------
     0 | D:1      | abixa, the Minotaur Hunter, began the quest for the Orb.
     0 | D:1      | Reached XP level 1. HP: 18/18 MP: 1/1
   128 | D:1      | Reached skill level 1 in Axes
   525 | D:1      | Reached XP level 2. HP: 23/25 MP: 1/1
  1150 | D:2      | Noticed Ijyb
  1166 | D:2      | Killed Ijyb
  1166 | D:2      | Reached XP level 3. HP: 26/30 MP: 2/2
  1424 | D:2      | Found a glowing silver altar of Zin.
  1493 | D:2      | Reached XP level 4. HP: 35/37 MP: 2/2
  1571 | D:2      | Found a white marble altar of Elyvilon.
  1575 | D:2      | Found a shadowy altar of Dithmenos.
  1575 | D:2      | Found a stormy altar of Qazlal.
  1875 | D:3      | Reached skill level 5 in Axes
  1915 | D:3      | Noticed Robin
  2172 | D:3      | Killed Robin
  2554 | D:3      | Reached XP level 5. HP: 36/42 MP: 2/2
  2712 | D:3      | Reached skill level 6 in Axes
  3470 | D:4      | Reached skill level 7 in Axes
  3470 | D:4      | Reached XP level 6. HP: 34/50 MP: 3/3
  3820 | D:4      | Noticed a sky beast
  4038 | D:4      | Reached skill level 8 in Axes
  4038 | D:4      | Reached skill level 1 in Armour
  4296 | D:4      | Reached XP level 7. HP: 35/56 MP: 3/3
  4303 | D:4      | Killed from afar by an orc wizard

Action                   |  1- 3 |  4- 6 |  7- 9 || total
-------------------------+-------+-------+-------++-------
Melee: Hand axe          |   101 |    93 |       ||   194
       War axe           |       |    89 |     7 ||    96
Throw: Stone             |     1 |       |       ||     1
  Eat: Chunk             |     2 |     9 |       ||    11
